 Dungeon Crawl Stone Soup version 0.23.1-37-gaa34b87 (webtiles) character file.

Game seed: 4551345620510408042

85 misha the Shield-Bearer (level 4, -2/41 HPs)
             Began as a Gnoll Fighter on Mar 23, 2019.
             Killed by nerve-wracking pain
             ... invoked by Grinder
              (7 damage)
             ... while paralysed by Grinder
             ... on level 3 of the Dungeon.
             The game lasted 00:03:56 (1793 turns).

misha the Shield-Bearer (Gnoll Fighter)             Turns: 1793, Time: 00:03:57

Health: -2/41      AC:  7    Str: 19    XL:     4   Next: 48%
Magic:  5/5        EV:  2    Int: 11    God:
Gold:   98         SH:  0    Dex: 14    Spells: 5/5 levels left

rFire    . . .     SeeInvis .   a - +0 war axe
rCold    . . .     Gourm    .   c - +0 shield
rNeg     . . .     Faith    .   b - +0 scale mail
rPois    .         Spirit   .   (no helmet)
rElec    .         Reflect  .   (no cloak)
rCorr    .         Harm     .   (no gloves)
MR       .....                  (no boots)
Stlth    ..........             (no amulet)
HPRegen  0.13/turn              (no ring)
MPRegen  0.09/turn              (no ring)

@: paralysed, very slightly contaminated, invisible
A: distributed training, fangs 1, strong nose
a: no special abilities


You were on level 3 of the Dungeon.
You were hungry.

You visited 1 branch of the dungeon, and saw 3 of its levels.

You collected 98 gold pieces.

Inventory:

Hand Weapons
 a - a +0 war axe (weapon)
Armour
 b - a +0 scale mail (worn)
 c - a +0 shield (worn)
Scrolls
 h - 2 scrolls of remove curse {unknown}
 i - a scroll of identify {unknown}
 j - a scroll of fog {unknown}
 l - a scroll of enchant armour {unknown}
Potions
 d - a potion of might
 e - a potion of lignification {unknown}
 g - 2 potions of invisibility
 k - a potion of agility {unknown}
 m - a potion of flight {unknown}
Comestibles
 f - 5 rations


   Skills:
 + Level 6.6 Fighting
 + Level 1.1 Short Blades
 + Level 1.1 Long Blades
 + Level 4.6 Axes
 + Level 1.1 Maces & Flails
 + Level 1.1 Polearms
 + Level 1.1 Staves
 + Level 1.1 Slings
 + Level 1.1 Bows
 + Level 1.1 Crossbows
 + Level 1.1 Throwing
 + Level 6.6 Armour
 + Level 1.1 Dodging
 + Level 1.1 Stealth
 + Level 6.6 Shields
 + Level 1.1 Unarmed Combat
 + Level 1.1 Spellcasting
 + Level 0.9 Conjurations
 + Level 0.9 Hexes
 + Level 0.9 Charms
 + Level 0.9 Summonings
 + Level 0.9 Necromancy
 + Level 0.9 Translocations
 + Level 0.9 Transmutations
 + Level 0.9 Fire Magic
 + Level 0.9 Ice Magic
 + Level 0.9 Air Magic
 + Level 0.9 Earth Magic
 + Level 0.9 Poison Magic
 + Level 1.2 Invocations
 + Level 1.1 Evocations


You had 5 spell levels left.
You didn't know any spells.
Your spell library was empty.

Dungeon Overview and Level Annotations

Branches:
Dungeon (3/15)

Altars:
Makhleb

Annotations:
D:3 Grinder


Innate Abilities, Weirdness & Mutations

Your experience applies equally to all skills.
You have very sharp teeth.
Your uncanny sense of smell can sniff out nearby items.


Message History

You see here a leopard gecko corpse.
Unknown command.
You aren't carrying any items that you can evoke.
You are too injured to fight recklessly!
You are too injured to fight recklessly!
Unknown command.
Grinder gestures at you. Pain shoots through your body!
* * * LOW HITPOINT WARNING * * *
It was a potion of invisibility.
You fade into invisibility!
Grinder gestures at you.
You suddenly lose the ability to move!
You are very lightly contaminated with residual magic.
Grinder says, "Tell me all your secrets, or I'll kill you."
Grinder gestures at you. You resist with significant effort.
Grinder gestures at you. Pain shoots through your body!
You die...

########## ###############
#........#
#.....†..†....###........####
#.###########..@.5.†.$.......
#.# #######.###..####
##.##### #.# .# .......# ..#
.. .......##### ..## ##∆
...........##### #.#
.......###.....###.# .......#
#####..##.# .......# #..#..#


You could see Grinder.

Vanquished Creatures
  An orc wizard (D:3)
  An adder skeleton (D:3)
  2 worms
  A dart slug (D:2)
  3 leopard geckos (D:3)
  2 orcs (D:3)
  A ball python (D:2)
  3 giant cockroaches
  4 goblins (D:1)
  3 hobgoblins (D:1)
  7 kobolds
  A quokka (D:2)
  5 bats
  A frilled lizard (D:2)
  2 rats
37 creatures vanquished.

Notes
Turn   | Place    | Note
-------+----------+-------------------------------------------
     0 | D:1      | misha the Gnoll Fighter began the quest for the Orb.
     0 | D:1      | Reached XP level 1. HP: 23/23 MP: 1/1
    66 | D:1      | Reached XP level 2. HP: 26/29 MP: 2/2
   915 | D:2      | Reached XP level 3. HP: 32/35 MP: 3/3
  1046 | D:2      | Found a burning altar of Makhleb.
  1046 | D:2      | Noticed a green death
  1529 | D:3      | Reached skill level 1 in Short Blades
  1529 | D:3      | Reached skill level 1 in Long Blades
  1529 | D:3      | Reached skill level 1 in Maces & Flails
  1529 | D:3      | Reached skill level 1 in Polearms
  1529 | D:3      | Reached skill level 1 in Staves
  1529 | D:3      | Reached skill level 1 in Slings
  1529 | D:3      | Reached skill level 1 in Bows
  1529 | D:3      | Reached skill level 1 in Crossbows
  1529 | D:3      | Reached skill level 1 in Throwing
  1529 | D:3      | Reached skill level 1 in Dodging
  1529 | D:3      | Reached skill level 1 in Stealth
  1529 | D:3      | Reached skill level 1 in Unarmed Combat
  1529 | D:3      | Reached skill level 1 in Spellcasting
  1529 | D:3      | Reached skill level 1 in Invocations
  1529 | D:3      | Reached skill level 1 in Evocations
  1529 | D:3      | Reached XP level 4. HP: 32/41 MP: 5/5
  1764 | D:3      | Noticed Grinder
  1773 | D:3      | Paralysed by Grinder for 7 turns
  1789 | D:3      | Paralysed by Grinder for 7 turns
  1793 | D:3      | Killed from afar by Grinder

Skill      XL: |  1  2  3 |
---------------+----------+-----
Short Blades   | 1 |  1.1
Long Blades    | 1 |  1.1
Maces & Flails | 1 |  1.1
Polearms       | 1 |  1.1
Staves         | 1 |  1.1
Slings         | 1 |  1.1
Bows           | 1 |  1.1
Crossbows      | 1 |  1.1
Throwing       | 1 |  1.1
Dodging        | 1 |  1.1
Stealth        | 1 |  1.1
Unarmed Combat | 1 |  1.1
Spellcasting   | 1 |  1.1
Invocations    | 1 |  1.2
Evocations     | 1 |  1.1
Fighting       | |  6.6
Axes           | |  4.6
Armour         | |  6.6
Shields        | |  6.6
Conjurations   | |  0.9
Hexes          | |  0.9
Charms         | |  0.9
Summonings     | |  0.9
Necromancy     | |  0.9
Translocations | |  0.9
Transmutations | |  0.9
Fire Magic     | |  0.9
Ice Magic      | |  0.9
Air Magic      | |  0.9
Earth Magic    | |  0.9
Poison Magic   | |  0.9

Action                   |  1- 3 |  4- 6 || total
-------------------------+-------+-------++-------
Melee: War axe           |    88 |    36 ||   124
       Bite              |     8 |     8 ||    16
  Use: Potion            |       |     1 ||     1
  Eat: Chunk             |     1 |     1 ||     2
Armor: Scale mail        |    32 |     9 ||    41
Dodge: Dodged            |    27 |    15 ||    42
Block: Shield            |    47 |    17 ||    64
